 Dungeon Crawl Stone Soup version 0.19-a0-1626-g5215c36 (webtiles) character file.

56 GameOver the Sneak (level 3, -6/28 HPs)
             Began as a Naga Wizard on Sept 18, 2016.
             Mangled by a gnoll
             ... wielding a +0 halberd of chopping
              (16 damage)
             ... on level 2 of the Dungeon.
             The game lasted 00:07:12 (854 turns).

GameOver the Sneak (Naga Wizard)                     Turns: 854, Time: 00:07:13

Health: -6/28      AC:  5    Str:  9    XL:     3   Next: 97%
Magic:  7/7        EV:  9    Int: 24    God:
Gold:   58         SH:  0    Dex:  9    Spells: 3 memorised, 2 levels left

rFire  . . .     SeeInvis +     a - +0 spear
rCold  . . .     Gourm    .     i - +0 leather armour
rNeg   . . .     Faith    .     (no shield)
rPois  +         Spirit   .     b - +0 hat
rElec  .         Dismiss  .     (no cloak)
rCorr  .         Reflect  .     k - +2 pair of gloves
MR     .....     Harm     .     (no barding)
Stlth  ++........               (no amulet)
                                (no ring)
                                (no ring)

@: brilliant, repel missiles, very slow
A: see invisible, deformed body, poison resistance, slowness 2, slow metabolism
1, spit poison 1, AC +1
a: Spit Poison


You were on level 2 of the Dungeon.
You were not hungry.

You visited 1 branch of the dungeon, and saw 2 of its levels.

You collected 58 gold pieces.

Inventory:

Hand Weapons
 a - a +0 spear (weapon)
Missiles
 n - 2 throwing nets (quivered)
 p - 2 tomahawks
Armour
 b - a +0 hat (worn)
 i - a +0 leather armour (worn)
 k - a +2 pair of gloves (worn)
Scrolls
 g - 2 scrolls of remove curse {unknown}
 h - 2 scrolls of recharging {unknown}
 j - 2 scrolls of identify {unknown}
 o - a scroll of noise {unknown}
Potions
 e - a potion of lignification {unknown}
 f - 3 potions of brilliance
 m - a potion of curing {unknown}
Books
 c - a book of Minor Magic

   Spells                             Type                      Level
   a - Magic Dart                     Conjuration                  1
   b - Blink                          Translocation                2
   c - Call Imp                       Summoning                    2
   d - Repel Missiles                 Charms/Air                   2
   e - Slow                           Hexes                        2
   f - Conjure Flame                  Conjuration/Fire             3
   g - Mephitic Cloud                 Conjuration/Poison/Air       3
Comestibles
 d - a bread ration
 l - 6 chunks of flesh


   Skills:
 - Level 1.5 Dodging
 - Level 3.0 Stealth
 - Level 3.0 Spellcasting
 + Level 3.0 Conjurations
   Level 1.0 Summonings
   Level 1.0 Translocations
 + Level 1.6 Air Magic
 + Level 0.6 Poison Magic


You had 2 spell levels left.
You knew the following spells:

 Your Spells              Type           Power        Failure   Level  Hunger
a - Magic Dart            Conj           ####         1%          1    None
d - Mephitic Cloud        Conj/Pois/Air  ####....     2%          3    ###....
z - Repel Missiles        Chrm/Air       ###...       2%          2    ##.....


Dungeon Overview and Level Annotations

Branches:
Dungeon (2/15)

Altars:

Annotations:
D:2 Terence


Innate Abilities, Weirdness & Mutations

You cannot wear boots.
Your serpentine skin is tough. (AC +1)
You have supernaturally acute eyesight. (SInv)
Armour fits poorly on your strangely shaped body.
Your system is resistant to poisons. (rPois)
You cover ground very slowly.
You have a slow metabolism.
You can spit poison.


Message History

The gnoll is moderately wounded.
You feel slightly more hungry. The hobgoblin hits you with a club.
You have got your breath back.
The hobgoblin barely misses you.
Okay, then.
Okay, then.
The hobgoblin barely misses you. The hobgoblin hits you with a club.
The gnoll hits you but does no damage. The hobgoblin closely misses you.
Throwing (i - inventory. (,) - cycle):
n - 2 throwing nets (quivered)
Press: ? - help, Shift-Dir - straight line, f/p - hobgoblin
Aim: a hobgoblin, wielding a club
Okay, then.
It was a potion of brilliance.
You feel clever all of a sudden. The hobgoblin barely misses you.
The gnoll hits you from afar with a halberd of chopping!
Ouch! That really hurt!
You die...

#.##.##.# #.##.##.#
####.......#
#.......#### #.###..g#
####.###.#g# #
........)#g# #
###.##..#g#
##########.##..#@#
.....##..........# #
####....#####..#.##
############# # .
#.##.รท###.......##...
#
#.##.#.##.......##..#
#
#...###......##.##..#
#.##.#.##.##.........
...# #.###.#####.##.#.
#####
#...........##...


You could see 3 gnolls and a hobgoblin.

Vanquished Creatures
  2 adders (D:2)
  2 dart slugs (D:1)
  4 leopard geckos
  A giant cockroach (D:1)
  4 goblins
  5 hobgoblins
  5 bats
  2 frilled lizards (D:1)
  2 kobolds
  2 rats
29 creatures vanquished.

Notes
Turn   | Place    | Note
-------+----------+-------------------------------------------
     0 | D:1      | GameOver the Naga Wizard began the quest for the Orb.
     0 | D:1      | Reached XP level 1. HP: 15/15 MP: 4/4
    89 | D:1      | Reached XP level 2. HP: 8/22 MP: 4/6
    93 | D:1      | Learned a level 2 spell: Repel Missiles
   246 | D:1      | Reached skill level 1 in Air Magic
   437 | D:1      | Reached XP level 3. HP: 28/28 MP: 7/7
   442 | D:1      | Learned a level 3 spell: Mephitic Cloud
   631 | D:2      | Noticed Terence
   854 | D:2      | Mangled by a gnoll

Vault maps used:
D:1:      saegor_arrival_simple_a
D:2:      uniq_terence

Skill      XL: |  1  2  3 |
---------------+----------+-----
Conjurations   | 2 3 |  3.0
Air Magic      | 1 |  1.6
Dodging        | |  1.5
Stealth        | |  3.0
Spellcasting   | |  3.0
Summonings     | |  1.0
Translocations | |  1.0
Poison Magic   | |  0.6

Action                   || total
-------------------------++-------
Melee: Spear             ||     3
 Cast: Magic Dart        ||    32
       Repel Missiles    ||     1
       Mephitic Cloud    ||     1
 Abil: Spit Poison       ||    30
  Use: Potion            ||     1
  Eat: Chunk             ||     1
Armor: Robe              ||     8
       Leather armour    ||     7
Dodge: Dodged            ||    18
